 Dungeon Crawl Stone Soup version 0.19-a0-1655-gdd95918 (webtiles) character file.

18025 rgaf the Markscentaur (level 12, -1/106 HPs)
             Began as a Centaur Hunter on Sept 21, 2016.
             Was a High Priest of Okawaru.
             Slain by a fire bat (3 damage)
             ... in a volcano.
             The game lasted 00:43:08 (17019 turns).

rgaf the Markscentaur (Centaur Hunter)             Turns: 17019, Time: 00:43:08

Health: -1/106     AC: 10    Str: 15    XL:     12   Next: 24%
Magic:  12/12      EV:  8    Int: 14    God:    Okawaru [*****.]
Gold:   285        SH:  5    Dex: 11    Spells: 0 memorised, 11 levels left

rFire  + + .     SeeInvis +     b - +4 lajatang (speed)
rCold  + . .     Gourm    .     A - +0 swamp dragon armour
rNeg   . . .     Faith    .     (shield currently unavailable)
rPois  +         Spirit   .     (no helmet)
rElec  +         Dismiss  .     B - +0 cloak
rCorr  +         Reflect  +     o - +1 pair of gloves
MR     .....     Harm     .     (no barding)
Stlth  ..........               j - +5 amulet of reflection
                                r - ring of protection from fire
                                G - ring of see invisible

@: about to teleport, resistant, very quick
A: hooves 3, deformed body, speed 2, tough skin 3
a: Heroism, Finesse, Renounce Religion


You were in a volcano.
You worshipped Okawaru.
Okawaru was extremely pleased with you.
You were not hungry.

You visited 3 branches of the dungeon, and saw 14 of its levels.
You also visited: Sewer and Volcano.

You collected 837 gold pieces.
You spent 552 gold pieces at shops.

Inventory:

Hand Weapons
 a - the +6 shortbow "Kyreages" {speed, MR++}
   (You bought it in a shop on level 10 of the Dungeon)

   Attacks with this weapon are significantly faster.
   It affects your resistance to hostile enchantments.
 b - a +4 lajatang of speed (weapon)
 c - a +0 dire flail of crushing
 V - a +2 shortbow
 Z - a +0 shortbow of freezing
Missiles
 d - 166 arrows
Armour
 i - a +2 leather armour of fire resistance
 o - a +1 pair of gloves (worn)
 A - a +0 swamp dragon armour (worn)
 B - a +0 cloak (worn)
 X - a mottled dragon hide
Jewellery
 j - a +5 amulet of reflection (around neck)
 l - a +3 ring of strength
 r - a ring of protection from fire (right hand)
 G - a ring of see invisible (left hand)
 J - an uncursed amulet of regeneration
Wands
 k - a wand of lightning (10/15)
 s - a wand of confusion (23/48)
 t - a wand of enslavement (13/24)
 u - a wand of acid (8/15)
 N - a wand of disintegration (14/24)
 R - a wand of iceblast (10/15)
 S - a wand of slowing (18/48)
 W - a wand of disintegration (7/24)
Scrolls
 e - 6 scrolls of teleportation
 n - 5 scrolls of remove curse
 p - 2 scrolls of identify
 y - 2 scrolls of recharging
 C - 2 scrolls of magic mapping
 P - a scroll of fog
 T - a scroll of immolation
Potions
 h - 3 potions of agility {unknown}
 m - 5 potions of might
 q - a potion of ambrosia
 w - 3 potions of brilliance
 x - 2 potions of heal wounds {unknown}
 z - a potion of magic {unknown}
 D - 3 potions of lignification
 E - 2 potions of haste {unknown}
 H - a potion of flight {unknown}
 I - a potion of berserk rage {unknown}
 K - a potion of cancellation {unknown}
 Y - a potion of invisibility {unknown}
Books
 U - a Fen Folio

   Spells                             Type                      Level
   a - Corpse Rot                     Necromancy                   2
   b - Stone Arrow                    Conjuration/Earth            3
   c - Leda's Liquefaction            Hexes/Earth                  4
   d - Summon Forest                  Summoning/Translocation      5
   e - Hydra Form                     Transmutation                6
   f - Summon Hydra                   Summoning                    7
Comestibles
 f - 4 bread rations
 F - 13 fruits
 L - a royal jelly
 M - a slice of pizza
 O - 2 meat rations
 Q - 2 beef jerkies


   Skills:
 + Level 9.8 Fighting
 - Level 8.3(9.7) Maces & Flails
 * Level 7.7(9.4) Staves
 + Level 16.2 Bows
 + Level 1.9 Armour
 - Level 1.3 Dodging
 - Level 0.5 Stealth


You had 11 spell levels left.
You didn't know any spells.

Dungeon Overview and Level Annotations

Branches:
Dungeon (10/15)            Temple (1/1) D:4            Lair (3/6) D:10
  Swamp (0/4) Lair:3       Spider (0/4) Lair:2
    Orc: D:9-12

Altars:
Ashenzari
Cheibriados
Dithmenos
Elyvilon
Fedhas
Gozag
Hepliaklqana
Kikubaaqudgha
Makhleb
Nemelex Xobeh
Okawaru
Qazlal
Ru
Sif Muna
Trog
Uskayaw
Vehumet
Xom
Yredelemnul
Zin
The Shining One

Shops:
D:4 ?   D:5 (   D:7 ?   D:10 (

Annotations:
D:5 Taihus's ghost, novice NaVM
D:10 Harold


Innate Abilities, Weirdness & Mutations

You have hooves in place of feet.
Armour fits poorly on your strangely shaped body.
You cover ground very quickly.
You have extremely tough skin. (AC +3)


Message History

The fire bat bites you but does no damage.
As you read the scroll of teleportation, it crumbles to dust.
You feel strangely unstable. You block the fire bat's attack.
The fire bat bites you.
* * * LOW HITPOINT WARNING * * *
You are engulfed in flames.
You resist.
* * * LOW HITPOINT WARNING * * *
The fire bat bites you.
* * * LOW HITPOINT WARNING * * *
You are engulfed in flames.
You resist.
* * * LOW HITPOINT WARNING * * *
The fire bat bites you but does no damage.
You block the fire bat's attack.
The fire bat bites you but does no damage.
The fire bat bites you.
* * * LOW HITPOINT WARNING * * *
You are engulfed in flames.
You resist.
* * * LOW HITPOINT WARNING * * *
The fire bat bites you.
You die...

##.#### ##.....#
##.....## ##.......##
##....≈....##
#.....≈≈....##
##....≈§≈≈≈...####
#..§§§≈≈§≈≈≈......
##@.§≈§≈≈≈≈≈≈§§.###
#bb§.§≈§§≈≈≈≈§≈.###
##...§≈§§≈≈≈≈§≈≈.#.#
#...≈≈≈≈≈≈≈≈≈≈≈.##..
#..≈≈§≈≈§§§≈§≈≈.#∩..
##.≈≈≈≈≈§§§§≈§≈≈.##..
#.(≈≈≈≈≈≈§§≈≈≈≈≈..##.
#(.≈§≈≈≈§§§ #.
##(≈≈§≈≈≈≈≈≈ ##


You could see 2 fire bats.

Vanquished Creatures
  A hydra (Lair:1)
  An unseen horror (D:10)
  A hill giant (D:10)
  3 spiny frogs (Lair:1)
  2 rime drakes (Lair:2)
  A komodo dragon (Lair:1)
  A queen bee (Lair:2)
  3 jumping spiders
  2 trolls (D:9)
  2 blink frogs (Lair:2)
  7 hippogriffs
  3 redbacks (Lair:2)
  7 yaks
  Eustachio (D:4)
  7 fire bats (Volcano)
  A steam dragon (D:7)
  A wyvern (Lair:2)
  4 basilisks (Lair:2)
  2 mottled dragons (Volcano)
  2 water moccasins
  5 porcupines
  4 orc warriors
  An ice beast (D:6)
  4 sky beasts
  3 black bears
  4 phantoms
  3 wolves
  A necrophage (D:7)
  6 ogres
  6 centaurs
  6 crocodiles
  3 big kobolds
  Blork the orc (D:6)
  6 bullfrogs
  2 scorpions
  35 killer bees
  3 wights (D:7)
  3 howler monkeys
  2 lava snakes (Volcano)
  5 crimson imps
  A gnoll shaman (D:6)
  4 jellies
  7 orc priests
  5 hounds
  12 orc wizards
  A bullfrog skeleton (D:7)
  Ijyb (D:2)
  3 iguanas
  A hell rat (Lair:2)
  3 worker ants
  A hound zombie (D:5)
  2 worker ant zombies (D:7)
  7 gnolls
  3 river rats
  14 adders
  2 howler monkey skeletons
  3 shadow imps (D:6)
  An ooze (D:2)
  An adder skeleton (D:4)
  3 worms
  A dart slug (D:4)
  6 leopard geckos
  47 orcs
  8 giant cockroaches
  4 goblins
  4 hobgoblins
  12 jackals
  11 kobolds
  4 quokkas
  3 ball pythons
  4 bats
  12 frilled lizards
  A giant cockroach zombie (D:6)
  A quokka skeleton (D:7)
  11 rats
359 creatures vanquished.

Vanquished Creatures (others)
  2 fungi (Lair:2)
  7 plants
9 creatures vanquished.

Grand Total: 368 creatures vanquished

Notes
Turn   | Place    | Note
-------+----------+-------------------------------------------
     0 | D:1      | rgaf the Centaur Hunter began the quest for the Orb.
     0 | D:1      | Reached XP level 1. HP: 17/17 MP: 1/1
   148 | D:1      | Reached XP level 2. HP: 19/25 MP: 2/2
   640 | D:2      | Noticed Ijyb
   654 | D:2      | Killed Ijyb
   654 | D:2      | Reached skill level 6 in Bows
   654 | D:2      | Reached XP level 3. HP: 23/30 MP: 3/3
  1504 | D:3      | Noticed a black bear
  1575 | D:3      | Reached XP level 4. HP: 12/38 MP: 4/4
  1726 | D:3      | Killed a black bear
  1726 | D:3      | Reached skill level 7 in Bows
  1726 | D:3      | Reached XP level 5. HP: 30/45 MP: 5/5
  1800 | D:3      | Found a glowing drain.
  1805 | Sewer    | Entered a sewer
  2211 | Sewer    | Reached skill level 8 in Bows
  2932 | D:3      | Reached XP level 6. HP: 49/52 MP: 6/6
  3018 | D:4      | Found a staircase to the Ecumenical Temple.
  3027 | Temple   | Entered the Ecumenical Temple
  3209 | D:4      | Reached skill level 9 in Bows
  3839 | D:4      | Found Xiofra Qohas's Magic Scroll Shoppe.
  3924 | D:5      | Entered Level 5 of the Dungeon
  3928 | D:5      | Noticed Taihus's ghost (novice NaVM)
  3938 | D:4      | Reached XP level 7. HP: 33/60 MP: 7/7
  4482 | D:5      | Noticed Eustachio
  4521 | D:4      | Killed Eustachio
  4521 | D:4      | Reached skill level 1 in Maces & Flails
  4819 | D:5      | Found Wiypsuimid's Antique Weapon Emporium.
  4852 | D:5      | Reached skill level 5 in Fighting
  4860 | D:5      | Reached skill level 10 in Bows
  5435 | D:5      | Reached XP level 8. HP: 68/68 MP: 8/8
  6178 | D:6      | Reached skill level 11 in Bows
  7161 | D:6      | Noticed Blork the orc
  7168 | D:6      | Killed Blork the orc
  7645 | D:6      | Reached skill level 5 in Maces & Flails
  7645 | D:6      | Reached skill level 12 in Bows
  7645 | D:6      | Reached XP level 9. HP: 39/75 MP: 9/9
  9921 | D:7      | Reached skill level 13 in Bows
 10087 | D:7      | Found a hazy altar of Hepliaklqana.
 10087 | D:7      | Found a glowing golden altar of the Shining One.
 10144 | D:7      | Found Enukhlau's Magic Scroll Emporium.
 10259 | D:7      | Reached XP level 10. HP: 70/86 MP: 10/10
 11086 | D:8      | Found a burning altar of Makhleb.
 11100 | D:8      | Found a shadowy altar of Dithmenos.
 11357 | D:8      | Found a shimmering altar of Xom.
 11358 | D:8      | Found an iron altar of Okawaru.
 11359 | D:8      | Found a sacrificial altar of Ru.
 11359 | D:8      | Found a stormy altar of Qazlal.
 11361 | D:8      | Found a glowing silver altar of Zin.
 11361 | D:8      | Found an ancient bone altar of Kikubaaqudgha.
 11362 | D:8      | Found a shattered altar of Ashenzari.
 11556 | D:8      | Became a worshipper of Warmaster Okawaru
 11980 | D:9      | Reached * piety under Okawaru
 11980 | D:9      | Reached skill level 14 in Bows
 12349 | D:10     | Entered Level 10 of the Dungeon
 12380 | D:10     | Found a staircase to the Lair.
 12538 | D:10     | Noticed a hill giant
 12592 | D:10     | Killed a hill giant
 12883 | D:10     | Found Piof's Antique Weapon Shop.
 12891 | D:10     | Bought a faintly glowing shortbow for 192 gold pieces
 12891 | D:10     | Identified the +6 shortbow "Kyreages" {speed, MR++} (You bought it in a shop on level 10 of the Dungeon)
 12894 | D:10     | Bought a glowing lajatang for 360 gold pieces
 12939 | D:10     | Reached skill level 1 in Staves
 13027 | D:10     | Reached ** piety under Okawaru
 13165 | D:10     | Noticed Harold
 13217 | D:10     | Killed an unseen horror
 13463 | Lair:1   | Entered Level 1 of the Lair of Beasts
 13485 | Lair:1   | Reached skill level 15 in Bows
 13485 | Lair:1   | Reached XP level 11. HP: 82/94 MP: 11/11
 13595 | Lair:1   | Reached *** piety under Okawaru
 13601 | Lair:1   | Received a gift from Okawaru
 13994 | Lair:1   | Noticed a five-headed hydra
 14011 | Lair:1   | Killed a five-headed hydra
 14011 | Lair:1   | Reached **** piety under Okawaru
 14011 | Lair:1   | Reached skill level 5 in Staves
 14458 | Lair:1   | Received a gift from Okawaru
 14971 | Lair:2   | Received a gift from Okawaru
 15734 | Lair:2   | Received a gift from Okawaru
 15986 | Lair:2   | Reached XP level 12. HP: 106/106 MP: 12/12
 15996 | Lair:2   | Reached ***** piety under Okawaru
 15996 | Lair:2   | Reached skill level 1 in Armour
 16010 | Lair:2   | Reached skill level 16 in Bows
 16196 | Lair:2   | Received a gift from Okawaru
 16284 | Lair:2   | Found a hole to the Spider Nest.
 16608 | Lair:3   | Found a dark tunnel.
 16666 | Volcano  | Entered a volcano
 17019 | Volcano  | HP: 3/106 [fire bat (4)]
 17019 | Volcano  | Slain by a fire bat

Vault maps used:
D:1:      zelgadis_glass_arrival_small
D:2:      uniq_iyjb
D:3:      gup_sewer_entry_bowl
D:4:      first_bread, serial_shops, shop
D:5:      serial_shops, nicolae_shop_overgrown_old_shop, minmay_door_square,
          kennysheep_doodads, hangedman_abyss_or_decor_stabs, uniq_eustachio
D:6:      hangedman_abyss_or_decor_passed, uniq_blork_the_orc
D:7:      gammafunk_temple_overflow_statue, serial_shops, shop,
          minmay_misc_feat_encased
D:8:      grunt_temple_overflow_open, minitemple
D:10:     dpeg_oklobed_lair, serial_shops, nicolae_shop_trees, uniq_harold
Temple:   zaba_magenta_temple
Lair:1:   minivault_19, grunt_forest_stairs_basic, beast_lair_carwin_2,
          grunt_megastairs_2, lemuel_fruit_fields
Lair:2:   regret_index_combs_of_tragedy, nicolae_spider_entry_tight_spaces
Lair:3:   swamp_mist_pool, nicolae_volcano_entry_two_sided
Sewer:    sewer_co_cracked_pipes
Volcano:  volcano_grotto

Skill      XL: |  1  2  3  4  5  6  7  8  9 10 11 12 |
---------------+-------------------------------------+-----
Bows           | 6 7 8 9 10 12 13 15 16 | 16.2
Fighting       | 3 4 5 6 7 8 9 |  9.8
Maces & Flails | 3 5 7 8 |  8.3
Staves         | 2 7 |  7.7
Armour         | 1 |  1.9
Dodging        | |  1.3
Stealth        | |  0.5

Action                   |  1- 3 |  4- 6 |  7- 9 | 10-12 || total
-------------------------+-------+-------+-------+-------++-------
Melee: Short sword       |   116 |    75 |       |       ||   191
       Kick              |    28 |    21 |    86 |    80 ||   215
       Flail             |       |    24 |   181 |       ||   205
       Dire flail        |       |       |   175 |   110 ||   285
       Lajatang          |       |       |       |   223 ||   223
 Fire: Shortbow          |    14 |    94 |   219 |   475 ||   802
  Use: Scroll            |     3 |    11 |     2 |    18 ||    34
       Potion            |       |       |     1 |     2 ||     3
  Eat: Chunk             |     1 |     5 |    11 |    14 ||    31
       Pizza             |       |       |     2 |       ||     2
       Beef jerky        |       |       |     1 |     1 ||     2
       Bread ration      |       |       |     1 |       ||     1
       Fruit             |       |       |       |     1 ||     1
Armor: Leather armour    |    59 |    34 |   217 |   112 ||   422
       Swamp dragon armo |       |       |       |    63 ||    63
Dodge: Dodged            |    67 |    53 |   199 |   134 ||   453
Block: Other             |       |       |       |    50 ||    50
